 Dungeon Crawl Stone Soup version 0.30.0-7-g0c4daa9e05 (webtiles) character file.

Game seed: 8474548242497310644

27 Atelerd the Digger (level 3, -1/21 HPs)
             Began as an Octopode Earth Elementalist on May 13, 2023.
             Slain by an adder (3 damage)
             ... on level 2 of the Dungeon.
             The game lasted 00:00:42 (1105 turns).

Atelerd the Digger (Octopode Earth Elementalist)    Turns: 1105, Time: 00:00:43

Health: -1/21      AC:  1    Str:  7    XL:     3   Next: 10%
Magic:  12/15      EV: 13    Int: 17    God:
Gold:   62         SH:  0    Dex: 14    Spells: 5/6 levels left

rFire   . . .        d - +0 short sword
rCold   . . .        (no shield)
rNeg    . . .        (helmet restricted)
rPois   .            (no amulet)
rElec   .            b - ring of magical power
rCorr   .            (no ring)
SInv    .            (no ring)
Will    .....        (no ring)
Stlth   +++          (no ring)
HPRegen 0.23/turn    (no ring)
MPRegen 0.14/turn    (no ring)
                     (no ring)

%: no passive effects
@: lethally poisoned (-1 -> -2)
A: almost no armour, amphibious, 8 rings, camouflage 1, gelatinous body 1,
(nimble swimmer 1), tentacles
a: no special abilities


You were on level 2 of the Dungeon.
You visited 1 branch of the dungeon, and saw 2 of its levels.

You collected 62 gold pieces.

Inventory:

Hand Weapons
 d - a +0 short sword (weapon)
Missiles
 m - 5 silver javelins
Jewellery
 b - a ring of magical power (left tentacle)
Scrolls
 e - 3 scrolls of identify {unknown}
 h - a scroll of brand weapon {unknown}
 l - 4 scrolls of noise {unknown}
Potions
 a - a potion of magic
 c - a potion of might
 f - 3 potions of cancellation
 g - a potion of invisibility {unknown}
 i - a potion of lignification {unknown}
 j - a potion of curing {unknown}
 k - a potion of brilliance {unknown}


   Skills:
 - Level 2.2 Dodging
 - Level 3.2 Stealth
 + Level 2.3 Spellcasting
 + Level 1.5 Transmutations
 + Level 3.2 Earth Magic


You had 5 spell levels left.
You knew the following spells:

 Your Spells              Type           Power      Damage    Failure   Level
a - Sandblast             Erth           26%        2d8       4%          1

Your spell library contained the following spells:

 Spells                   Type           Power      Damage    Failure   Level
 Passwall                 Tmut/Erth      8%         N/A       11%         2
 Stone Arrow              Conj/Erth      14%        3d7       28%         3
 Petrify                  Tmut/Erth      10%        N/A       56%         4


Dungeon Overview and Level Annotations

Branches:
Dungeon (2/15)

Altars:


Innate Abilities, Weirdness & Mutations

You cannot wear most types of armour.
You are amphibious.
You can wear up to eight rings at the same time.
Your skin changes colour to match your surroundings (Stealth+).
Your rubbery body absorbs attacks. (AC +1, EV +1)
((You are camouflaged when in or above water. (Stealth+)))
You have tentacles for arms and can constrict up to eight enemies at once.


Message History

An adder comes into view.
You can't see any susceptible monsters within range! (Use Z to cast anyway.)
A goblin comes into view. It is wielding a +0 dagger.
Found 11 gold pieces.
There are monsters nearby!
The adder hisses angrily.
There are monsters nearby!
You barely miss the adder. Your grab misses the adder.
Your squeeze misses the adder. The adder barely misses you.
The adder closely misses you.
The blast of sand misses the adder.
The adder bites you. The goblin misses you. The adder barely misses you.
There are monsters nearby!
The blast of sand hits the adder.
The adder is lightly wounded.
The adder bites you. The goblin hits you with a +0 dagger. The adder bites you.
You are poisoned.
The adder poisons you! The goblin hits you with a +0 dagger.
The blast of sand hits the adder.
The adder is moderately wounded.
You feel sick. The adder barely misses you. The goblin completely misses you.
The adder bites you.
* * * LOW HITPOINT WARNING * * *
You are too injured to fight recklessly!
You are too injured to fight recklessly!
You are too injured to fight recklessly!
You are too injured to fight recklessly!
There are monsters nearby!
It was a potion of might.
You feel very mighty all of a sudden.
You feel sick. The goblin hits you with a +0 dagger.
* * * LOW HITPOINT WARNING * * *
The adder misses you.
It was a potion of cancellation.
Your magical effects are unravelling.
You feel magically purged.
You feel a little less mighty now.
* * * LOW HITPOINT WARNING * * *
You feel sick. The adder bites you.
You die...

....
#..###...#
#..#.....#
#..#.....#
#(.#....$#
#..#.....#
#..#.....#
#..#...g.#
#..#..@S.#
#####.>##....#
#...†........#
#.#########..#
#># ..... #<#
#.### #.# ##
#.# #.#


You could see an adder and a goblin.

Vanquished Creatures
  A worm (D:2)
  A dart slug (D:1)
  2 bats (D:1)
  4 endoplasms (D:1)
  A giant cockroach (D:1)
  A goblin (D:1)
  A hobgoblin (D:1)
  A quokka (D:1)
  A frilled lizard (D:1)
  6 kobolds (D:1)
  A rat (D:1)
20 creatures vanquished.

Notes
Turn   | Place    | Note
-------+----------+-------------------------------------------
     0 | D:1      | Atelerd the Octopode Earth Elementalist began the quest for
                  | the Orb.
     0 | D:1      | Reached XP level 1. HP: 11/11 MP: 3/3
   278 | D:1      | Reached XP level 2. HP: 10/17 MP: 5/5
   870 | D:1      | Reached XP level 3. HP: 21/21 MP: 6/6
  1105 | D:2      | Slain by an adder

Illustrated notes

Levels and vault maps discovered:
D:1:      eino_arrival_cavern_a, layout_loops_ring, moated_statue, st_stairs_9,
          minmay_misc_feat_rugged, minmay_tromino_i4
D:2:      layout_basic, basic_altar, dreamdust_ecumenical_altar_drowned_temple,
          nrook_loot_triangle, st_stairs_8

Skill      XL: |  1  2 |
---------------+-------+-----
Stealth        | 3 |  3.2
Dodging        | |  2.2
Spellcasting   | |  2.3
Transmutations | |  1.5
Earth Magic    | |  3.2

Action                     || total
---------------------------++-------
  Melee: Short sword       ||    11
         Tentacles         ||     4
         Constrict         ||     3
   Cast: Sandblast         ||    26
    Use: Potion            ||     2
  Dodge: Dodged            ||    19
